 Dungeon Crawl Stone Soup version 0.17-a0-125-g34d91a1 (webtiles) character file.

485 BluebellGnoll the Ruffian (level 7, -18/37 HPs)
             Began as a Vine Stalker Gladiator on Mar 23, 2015.
             Was a Follower of Nemelex Xobeh.
             Demolished by an ogre
             ... wielding a +0 giant club
              (21 damage)
             ... on level 4 of the Dungeon.
             The game lasted 00:11:39 (2640 turns).

BluebellGnoll the Ruffian (Vine Stalker Gladiator)  Turns: 2640, Time: 00:11:40

Health: -18/37     AC:  9    Str: 27    XL:     7   Next: 13%
Magic:  0/9        EV:  9    Int: 10    God:    Nemelex Xobeh [*.....]
Gold:   161        SH:  0    Dex: 15    Spells: 0 memorised, 6 levels left

rFire  . . .     SeeInvis .       - Unarmed
rCold  + . .     Clarity  .     y - +0 chain mail {rC+}
rNeg   . . .     SustAb   .     (no shield)
rPois  .         Gourm    .     c - +0 helmet
rElec  .         Spirit   +     (no cloak)
rCorr  .         Warding  .     (no gloves)
rMut   .         Stasis   +     (no boots)
MR     +....                    t - amulet of stasis
Stlth  ..........               (no ring)
                                q - ring of protection from magic

@: immense fortitude, cleaving, somewhat resistant to hostile enchantments,
extremely unstealthy
A: fangs 2, regeneration 2, magic shield, antimagic bite, no device heal 3, rot
immunity
a: Renounce Religion


You were on level 4 of the Dungeon.
You worshipped Nemelex Xobeh.
Nemelex Xobeh was aware of your devotion.
You were not hungry.

You visited 1 branch of the dungeon, and saw 4 of its levels.

You collected 161 gold pieces.

Inventory:

Missiles
 i - 16 poisoned needles
 x - 2 javelins (quivered)
Armour
 b - a +0 leather armour
 c - a +0 helmet (worn)
 v - a +0 scale mail
 y - a +0 chain mail of cold resistance (worn)
Jewellery
 q - a ring of protection from magic (left hand)
 t - an amulet of stasis (around neck)
Scrolls
 e - 3 scrolls of identify
 f - a scroll of fog {unknown}
 g - a scroll of immolation {unknown}
 j - a scroll of enchant armour {unknown}
 k - 3 scrolls of remove curse {unknown}
 l - 2 scrolls of teleportation {unknown}
 n - a scroll of recharging {unknown}
 o - a scroll of fear {unknown}
 p - a scroll of blinking {unknown}
 r - a scroll of noise {unknown}
Potions
 h - 8 potions of curing
 s - a potion of agility
 u - a potion of cure mutation {unknown}
 w - a potion of poison {unknown}
 z - a potion of restore abilities {unknown}
 A - a potion of magic {unknown}
 B - a potion of experience {unknown}
Miscellaneous
 m - a plain deck of war {drawn: 5}
Comestibles
 a - 4 bread rations
 d - a chunk of flesh


   Skills:
 - Level 3.8 Fighting
 - Level 1.7 Throwing
 + Level 1.0 Armour
 - Level 2.4 Dodging
 - Level 3.0 Stealth
 - Level 6.1 Unarmed Combat


You had 6 spell levels left.
You didn't know any spells.

Dungeon Overview and Level Annotations

Branches:
Dungeon (4/15)
 Temple: D:4-7

Altars:
Cheibriados
Nemelex Xobeh
Okawaru
Qazlal
Ru


Innate Abilities, Weirdness & Mutations

You have extremely sharp teeth.
You heal very quickly.
When hurt, damage is shared between your health and your magic reserves.
Your bite disrupts and absorbs the magic of your enemies.
Potions and wands cannot restore your health.
You are immune to rotting.


Message History

You draw a card...
It is the Blade.
Your hands look oddly sharp.
The orc priest hits you with a club.
* * * LOW HITPOINT WARNING * * *
Something hits you but does no damage.
You completely miss the orc priest. Your bite misses the orc priest.
The orc priest is almost dead.
You hit something but do no damage. The orc priest hits you with a club.
Something hits you but does no damage.
You hit the orc priest.
You kill the orc priest!
Your Armour skill increases to level 1!
You miss something. You barely miss the ogre. You punch the ogre.
Your bite misses the ogre.
The ogre is lightly wounded.
You hit something but do no damage. Something hits you but does no damage.
The ogre hits you with a giant club!!
Ouch! That really hurt!
You die...
Your body glows slightly and disappears.

###.............####.........
#.............#.#............
#......###.##.#...###........
#......###.##.#..####........
.###.................<........)(
..............##..##............
.........o.###..##.######........
...........# ##{##...#...........
#.##....#### #.@Oo....#.........
#..!. ####.†..##[.#####.. #....
#..#####..# #.# #...o #†######..#
#.. #.... #..........# #.# #.o..
...#.######.#####.# o..o ##..
#.#...... o #.. #........ #..
#.#......


You could see an ogre and an orc priest.

Vanquished Creatures
  3 slaves
  A scorpion (D:4)
  An orc priest (D:4)
  A worker ant (D:3)
  Ijyb (D:3)
  Robin (D:3)
  5 adders
  A giant mite (D:4)
  A worm (D:3)
  An orc (D:4)
  2 hobgoblins (D:1)
  5 kobolds
  A quokka (D:2)
  A ball python (D:4)
  7 bats
  3 giant cockroaches
  2 giant geckos
  2 giant newts
  11 goblins
  7 jackals (D:1)
  A quokka skeleton (D:4)
  7 rats
65 creatures vanquished.

Vanquished Creatures (collateral kills)
  Pikel (D:4)
  A slave (D:4)
  A kobold (D:4)
3 creatures vanquished.

Vanquished Creatures (others)
  A water elemental (D:4)
  A rat (D:4)
2 creatures vanquished.

Grand Total: 70 creatures vanquished

Notes
Turn   | Place    | Note
--------------------------------------------------------------
     0 | D:1      | BluebellGnoll, the Vine Stalker Gladiator, began the quest for the Orb.
     0 | D:1      | Reached XP level 1. HP: 11/11 MP: 1/1
    45 | D:1      | Reached skill level 1 in Stealth
   411 | D:1      | Reached XP level 2. HP: 8/15 MP: 3/3
   988 | D:2      | Reached XP level 3. HP: 13/18 MP: 4/4
  1080 | D:2      | Found a sparkling altar of Nemelex Xobeh.
  1084 | D:2      | Found an iron altar of Okawaru.
  1084 | D:2      | Found a snail-covered altar of Cheibriados.
  1086 | D:2      | Found a stormy altar of Qazlal.
  1089 | D:2      | Became a worshipper of Nemelex Xobeh the Trickster
  1170 | D:2      | Received a gift from Nemelex Xobeh
  1342 | D:3      | Noticed Ijyb
  1415 | D:3      | Killed Ijyb
  1486 | D:3      | Noticed Robin
  1497 | D:3      | Reached skill level 4 in Unarmed Combat
  1507 | D:3      | Killed Robin
  1507 | D:3      | Reached XP level 4. HP: 6/23 MP: 5/5
  1887 | D:3      | Found a sacrificial altar of Ru.
  2053 | D:4      | Noticed a slave
  2056 | D:4      | Noticed a slave
  2057 | D:4      | Noticed Pikel
  2058 | D:4      | Noticed a slave
  2060 | D:4      | Noticed a slave
  2067 | D:3      | HP: 1/23 [worker ant (4)]
  2079 | D:3      | Reached XP level 5. HP: 3/26 MP: 7/7
  2163 | D:3      | Killed a slave
  2322 | D:4      | Killed a slave
  2391 | D:4      | Killed a slave
  2395 | D:4      | Killed Pikel
  2395 | D:4      | Reached skill level 6 in Unarmed Combat
  2395 | D:4      | Gained mutation: You heal very quickly. [vine stalker growth]
  2395 | D:4      | Reached XP level 6. HP: 30/32 MP: 8/8
  2454 | D:4      | Reached XP level 7. HP: 35/37 MP: 9/9
  2486 | D:4      | Killed a freed slave
  2621 | D:4      | Noticed an ogre
  2639 | D:4      | Reached skill level 1 in Armour
  2640 | D:4      | Demolished by an ogre

Action                   |  1- 3 |  4- 6 |  7- 9 || total
-------------------------+-------+-------+-------++-------
Melee: Unarmed           |   128 |   111 |    50 ||   289
Throw: Throwing net      |     5 |     3 |       ||     8
       Javelin           |       |     2 |       ||     2
Evoke: Deck              |     1 |     2 |     2 ||     5
  Use: Scroll            |       |     3 |       ||     3
       Potion            |       |     1 |       ||     1
 Stab: Sleeping          |     2 |       |       ||     2
       Held in net/web   |     3 |     4 |       ||     7
  Eat: Chunk             |     2 |     3 |     1 ||     6
